 Dungeon Crawl Stone Soup version 0.17-a0-1968-g88670c1 (webtiles) character file.

20909 Geeful the Brawler (level 12, -4/62 HPs)
             Began as a Gargoyle Wanderer on Oct 4, 2015.
             Was a High Priest of Qazlal.
             Slain by 2tousent's ghost (18 damage)
             ... on level 1 of the Lair of Beasts.
             The game lasted 00:48:13 (16734 turns).

Geeful the Brawler (Gargoyle Wanderer)             Turns: 16734, Time: 00:48:13

Health: -4/62      AC: 24    Str: 18    XL:     12   Next: 84%
Magic:  12/12      EV: 12    Int: 14    God:    Qazlal [*****.]
Gold:   993        SH:  6    Dex: 11    Spells: 0 memorised, 11 levels left

rFire  . . .     SeeInvis .       - Unarmed
rCold  + . .     Clarity  .     z - +1 scale mail {rC+}
rNeg   + + .     SustAt   +     (no shield)
rPois  ∞         Gourm    .     (no helmet)
rElec  +         Spirit   .     K - +2 cloak "Neepu" {+Inv MR+}
rCorr  .         Warding  +     e - +0 pair of gloves
rMut   .         Stasis   .     h - +0 pair of boots
MR     +....                    n - amulet of warding
Stlth  +.........               a - ring of sustain attributes
                                l - ring of stealth

@: repel missiles, somewhat resistant to hostile enchantments, very unstealthy
A: negative energy resistance 1, electricity resistance, unbreathing,
petrification resistance, rot immunity, AC +8
a: Upheaval, Elemental Force, Disaster Area, Renounce Religion, Evoke
Invisibility


You were on level 1 of the Lair of Beasts.
You worshipped Qazlal.
Qazlal was extremely pleased with you.
You were not hungry.

You visited 2 branches of the dungeon, and saw 13 of its levels.
You also visited: Bailey.

You collected 1133 gold pieces.
You spent 86 gold pieces at shops.

Inventory:

Missiles
 v - 41 poisoned needles
 B - a throwing net (quivered)
Armour
 e - a +0 pair of gloves (worn)
 h - a +0 pair of boots (worn)
 z - a +1 scale mail of cold resistance (worn)
 K - the +2 cloak "Neepu" (worn) {+Inv MR+}
   (You found it in a bailey)

   It affects your resistance to hostile enchantments.
   It lets you turn invisible.
Jewellery
 a - a ring of sustain attributes (right hand)
 b - a cursed amulet of resist mutation
 c - an uncursed ring of ice
 g - an uncursed ring of teleportation
 l - a ring of stealth (left hand)
 n - an amulet of warding (around neck)
 s - an uncursed ring of flight
 t - an uncursed ring of ice
 R - a +4 ring of intelligence {unknown}
Magical devices
 y - a wand of cold (0)
 C - a wand of frost (19)
 H - a wand of frost (20)
 M - a wand of fire (1)
Scrolls
 f - a scroll of vulnerability {unknown}
 j - a scroll of recharging
 k - 7 scrolls of identify
 m - 2 scrolls of magic mapping
 o - 3 scrolls of amnesia
 p - 3 scrolls of noise {unknown}
 q - 4 scrolls of remove curse
 r - a scroll of brand weapon {unknown}
 w - a scroll of enchant armour {unknown}
 E - 2 scrolls of fog
 I - a scroll of summoning {unknown}
 L - a scroll of enchant weapon {unknown}
 Q - a scroll of holy word {unknown}
 T - a scroll of acquirement {unknown}
 U - a scroll of immolation {unknown}
Potions
 u - a potion of magic
 A - a potion of resistance
 D - a potion of invisibility
Miscellaneous
 G - a legendary deck of wonders {drawn: 3}
 P - a phantom mirror
Comestibles
 d - 7 bread rations
 i - 2 meat rations
 x - 3 beef jerkies
 F - 8 slices of pizza


   Skills:
 - Level 2.1 Fighting
 + Level 8.0 Armour
 + Level 5.4 Dodging
 - Level 1.1 Stealth
 - Level 17.4 Unarmed Combat
   Level 2.0 Ice Magic
   Level 1.0 Poison Magic
 - Level 1.0 Evocations


You had 11 spell levels left.
You didn't know any spells.

Dungeon Overview and Level Annotations

Branches:
Dungeon (12/15)            Temple (0/1) D:7            Lair (1/8) D:10
    Orc (0/4) D:12

Altars:
Ashenzari
Gozag
Kikubaaqudgha
Makhleb
Nemelex Xobeh
Okawaru
Qazlal
Ru
Sif Muna
Trog
Vehumet
Yredelemnul
Zin

Shops:
D:4 *   D:7 }   D:10 *

Annotations:
D:4 weded's ghost, amateur GrFi
D:9 exclusion: orange crystal statue
Lair:1 2tousent's ghost, journeyman CeHu


Innate Abilities, Weirdness & Mutations

You are resistant to torment.
Your stone body is resilient (AC +8).
You are immune to poison.
You resist negative energy.
You are resistant to electric shocks.
You can survive without breathing.
You are immune to petrification.
You are immune to rotting.


Message History

2tousent's ghost is engulfed in freezing vapours. 2tousent's ghost barely misses you.
You block 2tousent's ghost's attack.
You closely miss 2tousent's ghost. 2tousent's ghost is heavily damaged. 2tousent's ghost is engulfed in freezing vapours. 2tousent's ghost hits you!
* * * LOW HITPOINT WARNING * * *
2tousent's ghost is engulfed in freezing vapours.
Drink which item? (? for menu, Esc to quit)
You feel much better. 2tousent's ghost hits you but does no damage. 2tousent's ghost hits you!
You see here a river rat corpse. 2tousent's ghost is engulfed in freezing vapours. 2tousent's ghost hits you!!
* * * LOW HITPOINT WARNING * * *
Drink which item? (? for menu, Esc to quit)
You feel better. 2tousent's ghost hits you!!
You die...

........###....#....##.. ...
.......# #.....#....##.# ....
.......###⌠.>.⌠.....##.####....
.........#.....................
.........##.⌠.#......>.........
...........####................
................§..............
...............§.§.....<...P...
...†........§.§W@§.##..##.#P...
..............§§.§.#P..#..# #
......#######.§...§.......#
...)...### #......##......#
......#....##......##.....##
.......#...........##.......
.§.........##......#P.....##.
......##...........##.Y}..#
......#....##..Y...##...###


You could see 2tousent's ghost.

Vanquished Creatures
  Fannar (D:10)
  A hydra (D:10)
  A centaur warrior (D:12)
  The ghost of Guenter the Blocker, a novice FoFi of Ashenzari (Bailey)
  2 unseen horrors
  Pikel (D:3)
  3 hill giants
  An orc knight (Bailey)
  An ugly thing (D:11)
  2 manticores
  The ghost of Kel the Chopper, a novice GrFi of Qazlal (D:6)
  A cyclops (D:12)
  A gargoyle (D:11)
  The ghost of tijit the Spear-Bearer, a novice MfGl (D:5)
  3 trolls
  17 yaks
  A human (D:7)
  A deep elf mage (D:8)
  3 hippogriffs
  5 vampire mosquitoes (D:12)
  A steam dragon (D:10)
  A mottled dragon (D:11)
  3 water moccasins
  A necrophage (D:7)
  4 phantoms
  A wasp (D:12)
  6 sky beasts
  An eye of draining (D:8)
  An ice beast (D:7)
  13 orc warriors
  4 ogres
  2 big kobolds
  3 centaurs (D:11)
  3 crocodiles
  10 giant frogs
  3 scorpions
  23 killer bees
  6 electric eels
  The ghost of Geeful the Skirmisher, a weakling GrWn (D:3)
  5 crimson imps
  10 orc priests
  2 jellies
  A quasit (D:9)
  2 hounds
  13 orc wizards
  A gnoll shaman (D:7)
  3 iguanas
  6 centaur skeletons
  Natasha (thrice) (D:3)
  6 worker ants
  A killer bee zombie (D:7)
  4 sheep (D:7)
  4 hound skeletons
  4 gnolls
  2 worker ant zombies
  12 adders
  11 river rats (Lair:1)
  2 shadow imps
  An adder zombie (D:6)
  An ooze (D:2)
  2 worms
  2 adder skeletons
  3 giant geckos
  64 orcs
  12 bats
  9 hobgoblins
  12 jackals
  7 giant cockroaches
  A giant cockroach zombie (D:9)
  8 giant newts
  10 goblins
  14 kobolds
  5 quokkas
  A quokka skeleton (D:6)
  A quokka zombie (D:5)
  7 rats
  25 fungi (D:10)
  24 plants (D:10)
436 creatures vanquished.

Vanquished Creatures (others)
  A slave (D:4)
  An ogre (D:7)
  A hound (D:7)
  An orc wizard (D:11)
  An orc (D:7)
  A quokka (D:4)
  8 fungi (D:10)
  A plant (D:10)
15 creatures vanquished.

Grand Total: 451 creatures vanquished

Notes
Turn   | Place    | Note
--------------------------------------------------------------
     0 | D:1      | Geeful the Gargoyle Wanderer began the quest for the Orb.
     0 | D:1      | Geeful set off with: a book of Frost, a +0 ring mail, a +0 spear, a bread ration, a !bad item (cl:100,ty:0,pl:0,pl2:0,sp:0,qu:0), a !bad item (cl:100,ty:0,pl:0,pl2:0,sp:0,qu:0), a !bad item (cl:100,ty:0,pl:0,pl2:0,sp:0,qu:0), a !bad item (cl:100,ty:0,pl:0,pl2:0,sp:0,qu:0), a !bad item (cl:100,ty:0,pl:0,pl2:0,sp:0,qu:0), a !bad item (cl:100,ty:0,pl:0,pl2:0,sp:0,qu:0), a !bad item (cl:100,ty:0,pl:0,pl2:0,sp:0,qu:0), a !bad item (cl:100,ty:0,pl:0,pl2:0,sp:0,qu:0), a !bad item (cl:100,ty:0,pl:0,pl2:0,sp:0,qu:0), a !bad item (cl:100,ty:0,pl:0,pl2:0,sp:0,qu:0), a !bad item (cl:100,ty:0,pl:0,pl2:0,sp:0,qu:0), a !bad item (cl:100,ty:0,pl:0,pl2:0,sp:0,qu:0), a !bad item (cl:100,ty:0,pl:0,pl2:0,sp:0,qu:0), a !bad item (cl:100,ty:0,pl:0,pl2:0,sp:0,qu:0), a !bad item (cl:100,ty:0,pl:0,pl2:0,sp:0,qu:0), a !bad item (cl:100,ty:0,pl:0,pl2:0,sp:0,qu:0), a !bad item (cl:100,ty:0,pl:0,pl2:0,sp:0,qu:0), a !bad item (cl:100,ty:0,pl:0,pl2:0,sp:0,qu:0), a !bad item (cl:100,ty:0,pl:0,pl2:0,sp:0,qu:0), a !bad item (cl:100,ty:0,pl:0,pl2:0,sp:0,qu:0), a !bad item (cl:100,ty:0,pl:0,pl2:0,sp:0,qu:0), a !bad item (cl:100,ty:0,pl:0,pl2:0,sp:0,qu:0), a !bad item (cl:100,ty:0,pl:0,pl2:0,sp:0,qu:0), a !bad item (cl:100,ty:0,pl:0,pl2:0,sp:0,qu:0), a !bad item (cl:100,ty:0,pl:0,pl2:0,sp:0,qu:0), a !bad item (cl:100,ty:0,pl:0,pl2:0,sp:0,qu:0), a !bad item (cl:100,ty:0,pl:0,pl2:0,sp:0,qu:0), a !bad item (cl:100,ty:0,pl:0,pl2:0,sp:0,qu:0), a !bad item (cl:100,ty:0,pl:0,pl2:0,sp:0,qu:0), a !bad item (cl:100,ty:0,pl:0,pl2:0,sp:0,qu:0), a !bad item (cl:100,ty:0,pl:0,pl2:0,sp:0,qu:0), a !bad item (cl:100,ty:0,pl:0,pl2:0,sp:0,qu:0), a !bad item (cl:100,ty:0,pl:0,pl2:0,sp:0,qu:0), a !bad item (cl:100,ty:0,pl:0,pl2:0,sp:0,qu:0), a !bad item (cl:100,ty:0,pl:0,pl2:0,sp:0,qu:0), a !bad item (cl:100,ty:0,pl:0,pl2:0,sp:0,qu:0), a !bad item (cl:100,ty:0,pl:0,pl2:0,sp:0,qu:0), a !bad item (cl:100,ty:0,pl:0,pl2:0,sp:0,qu:0), a !bad item (cl:100,ty:0,pl:0,pl2:0,sp:0,qu:0), a !bad item (cl:100,ty:0,pl:0,pl2:0,sp:0,qu:0), a !bad item (cl:100,ty:0,pl:0,pl2:0,sp:0,qu:0), a !bad item (cl:100,ty:0,pl:0,pl2:0,sp:0,qu:0), a !bad item (cl:100,ty:0,pl:0,pl2:0,sp:0,qu:0), a !bad item (cl:100,ty:0,pl:0,pl2:0,sp:0,qu:0), a !bad item (cl:100,ty:0,pl:0,pl2:0,sp:0,qu:0), a !bad item (cl:100,ty:0,pl:0,pl2:0,sp:0,qu:0), a !bad item (cl:100,ty:0,pl:0,pl2:0,sp:0,qu:0), a !bad item (cl:100,ty:0,pl:0,pl2:0,sp:0,qu:0)
     0 | D:1      | Reached XP level 1. HP: 12/12 MP: 1/1
    93 | D:1      | Reached skill level 1 in Unarmed Combat
   234 | D:1      | Reached XP level 2. HP: 15/17 MP: 2/2
   829 | D:2      | Reached XP level 3. HP: 17/21 MP: 3/3
  1245 | D:2      | Found a glowing silver altar of Zin.
  1245 | D:2      | Found an opulent altar of Gozag.
  1734 | D:3      | Noticed Geeful's ghost (weakling GrWn)
  1744 | D:3      | Killed Geeful's ghost
  1744 | D:3      | Reached skill level 4 in Unarmed Combat
  1744 | D:3      | Reached XP level 4. HP: 14/26 MP: 4/4
  1943 | D:3      | Found a bloodstained altar of Trog.
  1943 | D:3      | Found a sacrificial altar of Ru.
  2207 | D:3      | Reached XP level 5. HP: 26/30 MP: 5/5
  2218 | D:3      | Noticed Natasha
  2240 | D:3      | Killed Natasha
  2721 | D:3      | Noticed Natasha
  2736 | D:3      | Killed Natasha
  2823 | D:3      | Reached skill level 5 in Unarmed Combat
  2929 | D:3      | Noticed Natasha
  3083 | D:3      | Killed Natasha
  3429 | D:4      | Noticed weded's ghost (amateur GrFi)
  3449 | D:3      | Reached XP level 6. HP: 33/35 MP: 6/6
  3777 | D:4      | Noticed Pikel
  3777 | D:4      | Noticed a slave
  3777 | D:4      | Noticed a slave
  3778 | D:4      | Noticed a slave
  3778 | D:4      | Noticed a slave
  3829 | D:3      | Killed Pikel
  3829 | D:3      | Reached skill level 8 in Unarmed Combat
  3829 | D:3      | Reached XP level 7. HP: 25/40 MP: 7/7
  3966 | D:4      | Found a radiant altar of Vehumet.
  4111 | D:4      | Killed a freed slave
  4163 | D:4      | Found Poenuto's Assorted Antiques.
  4170 | D:4      | Bought a scroll labeled AKUHEKARUGA for 23 gold pieces
  4170 | D:4      | Bought a golden potion for 20 gold pieces
  4170 | D:4      | Bought a scroll labeled ZAMALI ZEAD for 23 gold pieces
  4170 | D:4      | Bought a glowing grey potion for 20 gold pieces
  4177 | D:4      | Found a basalt altar of Yredelemnul.
  4438 | D:4      | Found a stormy altar of Qazlal.
  4440 | D:4      | Found an ancient bone altar of Kikubaaqudgha.
  4653 | D:5      | Entered Level 5 of the Dungeon
  4656 | D:5      | Noticed tijit's ghost (novice MfGl)
  4712 | D:5      | Killed tijit's ghost
  4712 | D:5      | Reached skill level 9 in Unarmed Combat
  4712 | D:5      | Reached XP level 8. HP: 9/44 MP: 8/8
  5179 | D:5      | Reached skill level 10 in Unarmed Combat
  5214 | D:4      | Became a worshipper of Qazlal Stormbringer
  6145 | D:5      | Found a deep blue altar of Sif Muna.
  6150 | D:5      | Acquired Qazlal's first power
  6207 | D:5      | Reached XP level 9. HP: 38/48 MP: 9/9
  6287 | D:6      | Reached skill level 11 in Unarmed Combat
  6453 | D:6      | Noticed Kel's ghost (novice GrFi)
  7020 | D:7      | Found Feil's Gadget Shoppe.
  7130 | D:7      | Reached skill level 12 in Unarmed Combat
  7213 | D:7      | Acquired Qazlal's second power
  8059 | D:7      | Found a staircase to the Ecumenical Temple.
  8066 | D:7      | Reached skill level 13 in Unarmed Combat
  8136 | D:7      | Found a burning altar of Makhleb.
  8139 | D:7      | Found an iron altar of Okawaru.
  8142 | D:7      | Found a sparkling altar of Nemelex Xobeh.
  8246 | D:7      | Reached XP level 10. HP: 53/53 MP: 10/10
  8695 | D:6      | Killed Kel's ghost
  9107 | D:8      | Reached skill level 14 in Unarmed Combat
  9447 | D:8      | Acquired Qazlal's third power
  9649 | D:8      | Found a shattered altar of Ashenzari.
 10521 | D:9      | Noticed an iron golem
 10601 | D:8      | Reached skill level 15 in Unarmed Combat
 10849 | D:9      | Reached XP level 11. HP: 13/57 MP: 11/11
 11158 | D:9      | Acquired Qazlal's fourth power
 11708 | D:10     | Entered Level 10 of the Dungeon
 11800 | D:10     | Noticed a hill giant
 11812 | D:10     | Killed a hill giant
 11812 | D:10     | Reached skill level 16 in Unarmed Combat
 11816 | D:10     | Found a staircase to the Lair.
 11930 | D:10     | Noticed Fannar
 11956 | D:10     | Killed Fannar
 12005 | D:10     | Found a flagged portal.
 12014 | Bailey   | Entered a bailey
 12014 | Bailey   | Noticed Guenter's ghost (novice FoFi)
 12034 | Bailey   | Killed Guenter's ghost
 12156 | Bailey   | Noticed an orc knight
 12177 | Bailey   | Killed an orc knight
 12381 | Bailey   | Got a slimy cloak
 12387 | Bailey   | Found a burning altar of Makhleb.
 12411 | Bailey   | Identified the +2 cloak "Neepu" {+Inv MR+} (You found it in a bailey)
 12470 | D:10     | Killed an unseen horror
 12620 | D:10     | Found an opulent altar of Gozag.
 12622 | D:10     | Found Gozag's Platinum Reserve.
 12832 | D:10     | Reached skill level 17 in Unarmed Combat
 13103 | D:11     | Got an ichor-stained rapier
 13126 | D:10     | Identified the +7 rapier of the Vendetta {holy, *Rage rPois Stlth+} (You found it on level 11 of the Dungeon)
 13577 | D:11     | Reached XP level 12. HP: 58/62 MP: 12/12
 13729 | D:11     | Reached skill level 1 in Dodging
 13733 | D:11     | Acquired Qazlal's fifth power
 14235 | D:12     | Found a staircase to the Orcish Mines.
 14529 | D:12     | Noticed a centaur warrior
 14538 | D:12     | Killed a centaur warrior
 14538 | D:12     | Reached skill level 5 in Armour
 15064 | Lair:1   | Entered Level 1 of the Lair of Beasts
 15092 | Lair:1   | Noticed 2tousent's ghost (journeyman CeHu)
 15875 | Lair:1   | Noticed an eight-headed hydra
 15891 | D:10     | HP: 1/62 [eight-headed hydra (10)]
 15892 | D:10     | Killed an eight-headed hydra
 15892 | D:10     | Reached skill level 5 in Dodging
 16734 | Lair:1   | Slain by 2tousent's ghost

Vault maps used:
D:1:      minmay_arrival_hallway
D:2:      grunt_temple_overflow_gold_and_silver, minmay_misc_feat_plants,
          corner_web_ring
D:3:      gammafunk_temple_overflow_pools, serial_forest,
          infiniplex_forest_end_double, infiniplex_forest_clump_small,
          infiniplex_forest_clump_small, infiniplex_forest_clump_curved,
          infiniplex_forest_end_3, infiniplex_forest_clump_small,
          infiniplex_forest_lined_room_2, infiniplex_forest_side_room,
          infiniplex_forest_lined_ring, infiniplex_forest_lined_room_,
          uniq_natasha
D:4:      kennysheep_little_box, nicolae_overflow_hidden_temple,
          nicolae_overflow_crystal_walls, first_bread, serial_shops,
          shop_fountains, uniq_pikel
D:5:      led_sif_pool
D:6:      lemuel_coloured_pillars_altar
D:7:      grunt_temple_overflow_diamond, temple_green, serial_shops,
          nicolae_shop_waterfront, st_stairs_13, grunt_livestock,
          kennysheep_generic_room_15
D:8:      lemuel_round_altar
D:9:      cheibrodos_stairvault_heist, minmay_protected_statue
D:10:     due_lair_maze_entry_diamond, enter_bailey_2, kennysheep_small_spiral,
          nicolae_gozag_zags_fifth_avenue, uniq_fannar
D:11:     nrook_uturn
D:12:     orc_0_dummy, serial_shops, bzr_firewalk, nrook_loot_triangle
Lair:1:   serial_bayou_shore_b, grunt_megastairs_3, serial_bayou_shore_b
Bailey:   bailey_axe_3, bailey

Action                   |  1- 3 |  4- 6 |  7- 9 | 10-12 || total
-------------------------+-------+-------+-------+-------++-------
Melee: Unarmed           |   286 |   260 |   475 |   876 ||  1897
Evoke: Wand              |       |       |       |    16 ||    16
       Deck              |       |       |       |     3 ||     3
  Use: Scroll            |     5 |     2 |     6 |     1 ||    14
       Potion            |     2 |     3 |     4 |     9 ||    18
 Stab: Sleeping          |       |     1 |       |       ||     1
  Eat: Chunk             |     3 |     6 |    11 |    25 ||    45
       Beef jerky        |       |       |     3 |     1 ||     4
       Pizza             |       |       |       |     1 ||     1
       Fruit             |       |       |       |     1 ||     1
